[Event "***Titled Tuesday 3|2 Blitz"]
[Site "Chess.com"]
[Date "2017.02.07"]
[Round "1"]
[White "twitchTriniCupid"]
[Black "biostatistician"]
[Result "0-1"]
[WhiteElo "2116"]
[BlackElo "2493"]
[TimeControl "180+2"]
[EndTime "13:08:52 PST"]
[Termination "biostatistician won by resignation"]

1. Nf3 Nf6 2. b3 g6 3. Bb2 Bg7 4. e4 O-O 5. e5 Nd5 6. d4 d6 7. c4 Nb6 8. Be2 Bg4 9. h3 Bxf3 10. Bxf3 c6 11. O-O dxe5 12. dxe5 N8d7 13. Qe2 Nc5 14. Rd1 Qc7 15. Nc3 Rfd8 16. Ne4 Nxe4 17. Qxe4 Nd7 18. Re1 Nc5 19. Qc2 Nd3 20. Rad1 Nxe5 21. Bxe5 Bxe5 22.
Rxd8+ Rxd8 23. Rd1 Kg7 24. Rxd8 Qxd8 25. g3 Qd4 26. Kg2 a5 27. a4 h5 28. h4 Bd6 29.
Qe4 Qb2 30. Bd1 Bc5 31. Qe2 Qd4 32. Qf3 e5 33. Bc2 f5 34. Qe2 Kf6 35. Bd3 e4 36.
Bc2 Ke5 37. Bd1 Qc3 38. Qc2 Qxc2 39. Bxc2 Kd4 40. Kf1 Kc3 41. Bd1 Kd2 42. Be2 Kc3 43. Bd1 Kd2 44. Be2 Kc2 45. f3 exf3 46. Bxf3 Kxb3 47. g4 hxg4 48. Bd1+ Kxc4 49. Ke2 Be7 50. h5 gxh5 51. Ke3 Bg5+ 52. Kf2 h4 53. Kg2 h3+ 54. Kg3 b5 55. Bc2 Bf4+ 56. Kf2 g3+ 57. Kg1 Be3+ 0-1

[Event "***Titled Tuesday 3|2 Blitz"]
[Site "Chess.com"]
[Date "2017.02.07"]
[Round "1"]
[White "johnathan113"]
[Black "Tesla37"]
[Result "1-0"]
[WhiteElo "2350"]
[BlackElo "2594"]
[TimeControl "180+2"]
[EndTime "13:08:53 PST"]
[Termination "johnathan113 won by resignation"]

1. d4 Nf6 2. Nc3 d5 3. Bf4 c6 4.
Qd2 Bf5 5. f3 Nbd7 6. g4 Bg6 7.
h4 h6 8. e3 e6 9. Bd3 Bxd3 10.
cxd3 Be7 11. Nge2 Nh7 12. Bg3 b5 13. Rc1 Qb6 14. Kf2 O-O 15. Bf4 f6 16. Bg3 e5 17.
Kg2 Rae8 18. Rhf1 Bd6 19. b3 Rf7 20. dxe5 fxe5 21. d4 Nhf6 22. dxe5 Bxe5 23. Bxe5 Nxe5 24. Nd4 Qd8 25. Nce2 Qd7 26. Ng3 g6 27. Qc2 Kg7 28. Nxc6 Nexg4 29. fxg4 Rxe3 30. Rf4 Ne4 31. Ne5 Rxg3+ 32.
Kh2 Rxf4 33. Nxd7 Rfxg4 34. Qb2+ Kh7 35. Nf6+ Nxf6 36. Qxf6 Rg2+ 37. Kh1 h5 38. Rc7+ 1-0

[Event "***Titled Tuesday 3|2 Blitz"]
[Site "Chess.com"]
[Date "2017.02.07"]
[Round "1"]
[White "VMikhalevski"]
[Black "Andrejkin"]
[Result "1-0"]
[WhiteElo "2513"]
[BlackElo "2176"]
[TimeControl "180+2"]
[EndTime "13:08:56 PST"]
[Termination "VMikhalevski won by resignation"]

1. Nf3 Nf6 2. g3 b6 3. Bg2 Bb7 4. O-O e6 5. c4 Be7 6. d4 O-O 7.
d5 exd5 8. Nh4 c6 9. cxd5 Nxd5 10. Nf5 Nc7 11. e4 d5 12. Nc3 Bf6 13. exd5 cxd5 14.
Bf4 Nba6 15. Qg4 g6 16. Nd6 h5 17. Qe2 Rb8 18. Nxb7 Rxb7 19. Rad1 Nc5 20. Rfe1 N7e6 21. Bh6 Re8 22. Bxd5 Rd7 23. Bc6 Bxc3 24. bxc3 Ng7 25. Qf3 Rxe1+ 26. Rxe1 Nd3 27. Re3 Nf5 28. Bxd7 Nxe3 29.
Bb5 Nf5 30. Bd2 Ne5 31. Qe2 Ng4 32. h3 Nf6 33. Bg5 Nd6 34. Ba4 Nde4 35. Qe3 Qe7 36. Bxf6 Qxf6 37. Qxe4 Qxc3 38. Bb3 1-0

[Event "***Titled Tuesday 3|2 Blitz"]
[Site "Chess.com"]
[Date "2017.02.07"]
[Round "1"]
[White "Cecile_Haussernot"]
[Black "Matibar"]
[Result "0-1"]
[WhiteElo "2276"]
[BlackElo "2561"]
[TimeControl "180+2"]
[EndTime "13:08:59 PST"]
[Termination "Matibar won by resignation"]

1. e4 e6 2. d4 d5 3. Bd3 dxe4 4.
Bxe4 Nf6 5. Bf3 Be7 6. Ne2 O-O 7. O-O Nbd7 8. c4 c5 9. Be3 cxd4 10. Nxd4 Ne5 11.
Be2 a6 12. Nc3 Qc7 13. Qb3 Neg4 14. Bxg4 Nxg4 15. Nf3 Nxe3 16. fxe3 Bd7 17. Ne4 Bc6 18. Qc2 h6 19. b3 b6 20. Nd4 Bb7 21. Ng3 Qe5 22.
Rae1 Rad8 23. Nf3 Qc7 24. e4 Bb4 25. Re2 b5 26. Rc1 Bc5+ 27. Kh1 b4 28. Rf1 Qf4 29. Ne1 Qg4 30. Nd3 Bd6 31. Nf2 Qg6 32. Re3 Bf4 33. Rf3 Rd2 34. Qc1 Bg5 35. Nh3 Rxa2 36.
Nxg5 Qxg5 37. Qxg5 hxg5 38. c5 Rc2 39. Rd3 Rxc5 40. Rd4 a5 41. Rfd1 Bc6 42. Rd6 a4 43. bxa4 Bxa4 44. Ra1 Rfc8 45. Kg1 Rc1+ 46. Rxc1 Rxc1+ 47. Kf2 b3 48. Rb6 Rc2+ 49. Kf3 b2 50. Ne2 e5 51. Ke3 Bc6 52. Ng3 g6 53. Nf1 Rc3+ 54. Kd2 Rc1 55. Rxb2 Rxf1 0-1

[Event "***Titled Tuesday 3|2 Blitz"]
[Site "Chess.com"]
[Date "2017.02.07"]
[Round "1"]
[White "Bad4life"]
[Black "1stSecond"]
[Result "0-1"]
[WhiteElo "2295"]
[BlackElo "2580"]
[TimeControl "180+2"]
[EndTime "13:09:00 PST"]
[Termination "1stSecond won by checkmate"]

1. e4 e5 2. Nf3 Nc6 3. Bb5 a6 4.
Ba4 Nf6 5. O-O b5 6. Bb3 Bb7 7. a4 Bc5 8. d3 O-O 9. Nc3 b4 10. Ne2 Na5 11. Nxe5 Nxb3 12. cxb3 d5 13. d4 Ba7 14. Bg5 dxe4 15. Bxf6 gxf6 16. Ng4 f5 17. Nh6+ Kh8 18. Nxf5 Qg5 19. Nfg3 f5 20. Qc1 f4 21. Qxc7 Bd5 22. h4 Qxh4 23. Qe5+ Qf6 24. Qxd5 fxg3 25.
Nxg3 Rad8 26. Qxe4 Rxd4 27. Qb7 Rf7 28. Qc8+ Rd8 29. Qc4 Bxf2+ 30. Rxf2 Qxf2+ 31. Kh2 Rf4 32. Rd1 Rdf8 33. Rf1 Qxf1 34. Nxf1 Rxc4 35. bxc4 Rxf1 36. a5 Kg7 37. b3 Kf6 38. Kg3 Ke5 39. Kh4 Kd4 40.
g4 Rf3 41. c5 Kxc5 42. Kh5 Rxb3 43. g5 Rh3+ 44. Kg4 Rh1 45. Kf5 Rg1 46. Kf6 b3 47. g6 Rxg6+ 48. Ke5 Kb4 49. Kd4 b2 50. Ke3 b1=Q 51.
Kd2 Rg3 52. Ke2 Qd3+ 53. Kf2 Qe3+ 54. Kf1 Rg1# 0-1

[Event "***Titled Tuesday 3|2 Blitz"]
[Site "Chess.com"]
[Date "2017.02.07"]
[Round "1"]
[White "GM_dmitrij"]
[Black "salomez"]
[Result "1-0"]
[WhiteElo "2467"]
[BlackElo "2168"]
[TimeControl "180+2"]
[EndTime "13:09:01 PST"]
[Termination "GM_dmitrij won on time"]

1. e4 c5 2. Nf3 e6 3. d4 cxd4 4.
Nxd4 Nf6 5. Nc3 Nc6 6. Ndb5 d6 7.
Bf4 e5 8. Bg5 a6 9. Na3 b5 10.
Bxf6 gxf6 11. Nd5 Bg7 12. Bd3 Ne7 13. Nxe7 Qxe7 14. c4 f5 15. cxb5 O-O 16. O-O d5 17. exd5 e4 18. Qe2 Bb7 19. Bc4 axb5 20. Nxb5 f4 21.
Rfe1 Rfe8 22. d6 Qg5 23. h4 Qg6 24. Nc7 f3 25. Qf1 e3 26. fxe3 fxg2 27. Qf2 Kh8 28. Nxe8 Rxe8 29. Qxf7 Qxf7 30. Bxf7 Rd8 31. Red1 Be5 32.
d7 Kg7 33. Bd5 Ba6 34. Kxg2 Bxb2 35. Rab1 Bf6 36. Bc6 Be2 37. Rd2 Bg4 38. a4 Kf7 39.
a5 Bc3 40. Ra2 Be6 41. Ra3 1-0

[Event "***Titled Tuesday 3|2 Blitz"]
[Site "Chess.com"]
[Date "2017.02.07"]
[Round "1"]
[White "afgano29"]
[Black "Wolverine_master"]
[Result "0-1"]
[WhiteElo "2418"]
[BlackElo "1990"]
[TimeControl "180+2"]
[EndTime "13:09:04 PST"]
[Termination "Wolverine_master won on time"]

1. e4 d5 2. exd5 Qxd5 3. Nc3 Qd6 4.
Nf3 Nf6 5. d4 a6 6. Ne5 Nc6 7.
Nxc6 Qxc6 8. d5 Qd6 9. g3 b5 10. Bg2 Bb7 11. Bf4 Qc5 12. O-O g6 13. Be5 Bg7 14.
Ne4 Qb6 15. Bd4 Qa5 16. Nxf6+ Bxf6 17. Bxf6 exf6 18. Qd4 Qb6 19. Rfe1+ Kf8 20. Qh4 Kg7 21. Re7 Rhe8 22. Qe4 Rxe7 23. Qxe7 Qd6 24. Re1 Rd8 25. Re6 Qxe7 26. Rxe7 Bxd5 27. Bxd5 Rxd5 28. Rxc7 Rd2 29. Kf1 f5 30. Rc6 a5 31. Rc5 Rd1+ 32. Ke2 Ra1 33. a3 b4 34. axb4 axb4 35. Rb5 Rc1 36. Kd2 Rf1 37.
Ke2 Rc1 38. Rc5 b3 39. Kd2 Rf1 40. cxb3 Rxf2+ 0-1

[Event "***Titled Tuesday 3|2 Blitz"]
[Site "Chess.com"]
[Date "2017.02.07"]
[Round "1"]
[White "Mornar1951"]
[Black "ka1ser64"]
[Result "1-0"]
[WhiteElo "2573"]
[BlackElo "2296"]
[TimeControl "180+2"]
[EndTime "13:09:05 PST"]
[Termination "Mornar1951 won by resignation"]

1. Nf3 d5 2. d4 Nf6 3. c4 dxc4 4.
e3 e6 5. Bxc4 c5 6. O-O a6 7.
Nc3 b5 8. Be2 Bb7 9. dxc5 Bxc5 10.
Qxd8+ Kxd8 11. Nd2 Ke7 12. Nb3 Bb6 13. a4 b4 14. a5 Bc7 15. Na4 Bd5 16. Nac5 Nfd7 17. Bd2 Bd6 18. e4 Bxb3 19. Nxb3 Nc6 20. Rfc1 Rhc8 21.
Be3 h6 22. f4 e5 23. f5 Kd8 24.
Rc2 Nd4 25. Nxd4 exd4 26. Rxc8+ Rxc8 27. Bxd4 Rc2 28. Bxa6 Nc5 29. Bf1 Nb3 30. Rd1 Nxd4 31. Rxd4 Ke7 32. Rd1 Bc5+ 33. Kh1 Rxb2 34. a6 Ra2 35.
Bc4 Rc2 36. Bd5 Rc3 37. Rb1 Ra3 38. Bc4 f6 39. g3 Rc3 40. Bd5 Kd6 41. Rd1 Ke7 42.
Be6 Ra3 43. Rd7+ Kf8 44. Rf7+ Ke8 45. Rc7 Be7 46. a7 Bd8 47. Rb7 1-0

[Event "***Titled Tuesday 3|2 Blitz"]
[Site "Chess.com"]
[Date "2017.02.07"]
[Round "1"]
[White "oggy1984"]
[Black "Yaacovn"]
[Result "0-1"]
[WhiteElo "2315"]
[BlackElo "2603"]
[TimeControl "180+2"]
[EndTime "13:09:08 PST"]
[Termination "Yaacovn won by resignation"]

1. e4 c6 2. d4 d5 3. e5 Bf5 4. h4 Qb6 5. g4 Bd7 6. Nc3 e6 7. f4 c5 8. Nf3 Nc6 9. Ne2 cxd4 10. Nexd4 Nxd4 11. Nxd4 Ne7 12. c3 Nc6 13. Be3 Bc5 14.
Qd2 Rc8 15. Rd1 Nxd4 16. Bxd4 Bxd4 17. cxd4 Bb5 18. Bxb5+ Qxb5 19. Kf2 h5 20. Rc1 Kd7 21. g5 g6 22. Rxc8 Rxc8 23. Rc1 Rxc1 24. Qxc1 Qc4 25. Qxc4 dxc4 26. Ke3 b5 27. Ke4 b4 28. Ke3 Kc6 29. Ke4 a5 30. Ke3 Kd5 31. b3 c3 32. Kd3 Kc6 33.
Ke3 Kb6 34. Kd3 Kc7 35. Ke3 Kc6 36. Kd3 Kd5 37. Ke3 c2 38. Kd2 Kxd4 39. Kxc2 Ke3 40. a4 Ke2 41. Kc1 Kd3 42. Kb2 Kd2 43.
Kb1 Kc3 44. Ka2 Kc2 0-1

[Event "***Titled Tuesday 3|2 Blitz"]
[Site "Chess.com"]
[Date "2017.02.07"]
[Round "1"]
[White "hsskoo"]
[Black "IMJonathanCarlstedt"]
[Result "0-1"]
[WhiteElo "1970"]
[BlackElo "2433"]
[TimeControl "180+2"]
[EndTime "13:09:12 PST"]
[Termination "IMJonathanCarlstedt won on time"]

1. e4 e5 2. Nf3 Nc6 3. d4 exd4 4. Nxd4 Nf6 5. Nc3 Bb4 6. Bc4 O-O 7.
O-O Bxc3 8. bxc3 Nxe4 9. Bd3 d5 10. Ba3 Re8 11. Ne2 Ne5 12. c4 Nxd3 13. cxd3 Nf6 14. Qc2 Bf5 15. Ng3 Bg6 16. Qb3 b6 17. Rad1 Qd7 18.
d4 dxc4 19. Qxc4 Rac8 20. d5 c5 21. dxc6 Qxc6 22. Qa6 Qc4 23. Qxc4 Rxc4 24. Rd2 h5 25. Rc1 Rxc1+ 26. Bxc1 Re1+ 27. Nf1 Rxc1 28. Rd8+ Kh7 29. h3 Ra1 30. Rd2 Ne4 31. Rb2 Nc5 32. g4 Bd3 33. gxh5 Bxf1 34. Kh2 Bc4 35. Kg3 Rxa2 36. Rb1 b5 37. h6 gxh6 38. h4 Ne4+ 39. Kf4 Nxf2 40. h5 a5 41. Rf1 b4 42. Rg1 Nh3+ 43. Ke5 Nxg1 0-1

[Event "***Titled Tuesday 3|2 Blitz"]
[Site "Chess.com"]
[Date "2017.02.07"]
[Round "1"]
[White "aa175"]
[Black "plouarzel"]
[Result "1/2-1/2"]
[WhiteElo "1904"]
[BlackElo "2417"]
[TimeControl "180+2"]
[EndTime "13:09:13 PST"]
[Termination "Game drawn by stalemate"]

1. e4 d6 2. Nf3 Nf6 3. Nc3 e5 4.
Bc4 Be7 5. d3 O-O 6. O-O c6 7.
h3 b5 8. Bb3 a5 9. a4 b4 10.
Ne2 Nbd7 11. Be3 d5 12. exd5 cxd5 13. c3 Ba6 14. d4 e4 15. Ne5 Rc8 16. Rc1 Bd6 17.
Bf4 Qe7 18. Nxd7 Qxd7 19. Bxd6 Qxd6 20. Re1 Rfe8 21. Ng3 g6 22. Qd2 Kh8 23. Qg5 Bc4 24.
Bxc4 Rxc4 25. Ne2 Kg7 26. b3 Rcc8 27. cxb4 axb4 28. Qd2 Qb6 29. Rxc8 Rxc8 30. Rc1 Rxc1+ 31. Qxc1 Qa6 32. Qc2 Qd3 33. Qa2 e3 34. f3 Qd2 35.
Qa1 Qxe2 36. a5 Qf2+ 37. Kh2 e2 38. a6 e1=Q 39. Qxe1 Qxe1 40. a7 Qa1 41. a8=Q Qxa8 42. f4 Ne4 43. f5 Qb8+ 44. Kg1 Qg3 45. Kh1 h5 46. Kg1 h4 47. Kh1 Qe1+ 48. Kh2 Ng3 49. f6+ Kh6 1/2-1/2

[Event "***Titled Tuesday 3|2 Blitz"]
[Site "Chess.com"]
[Date "2017.02.07"]
[Round "1"]
[White "stepanosinovsky"]
[Black "SergeiAza"]
[Result "0-1"]
[WhiteElo "2213"]
[BlackElo "2520"]
[TimeControl "180+2"]
[EndTime "13:09:14 PST"]
[Termination "SergeiAza won on time"]

1. e4 c5 2. Nf3 Nc6 3. Nc3 g6 4.
Bb5 Bg7 5. O-O Nd4 6. Nxd4 cxd4 7. Ne2 e6 8. d3 Ne7 9. c3 dxc3 10. bxc3 O-O 11. d4 b6 12. Be3 Bb7 13. f3 Rc8 14. Qd2 Re8 15. a4 Nc6 16. Qa2 Na5 17. Bd3 Qc7 18. Bf4 d6 19. Rab1 Qd7 20. Bb5 Bc6 21. Ba6 Bb7 22. Bb5 Bc6 23. Ba6 Rc7 24. Rfd1 Bxa4 25.
Rd2 Rb8 26. Bxd6 Qxd6 27. Qxa4 Rd8 28. Rbd1 Qe7 29. Rd3 h5 30. Qb5 h4 31. Qa4 Bh6 32. f4 Bg7 33. Qb5 Nc4 34. Rf3 Nd6 35.
Qb1 f5 36. Bd3 Rdc8 37. Re3 Qd8 38. Qa2 Nc4 39. Rh3 b5 40. Rf1 Qe7 41. g4 fxg4 0-1

[Event "***Titled Tuesday 3|2 Blitz"]
[Site "Chess.com"]
[Date "2017.02.07"]
[Round "1"]
[White "Shivagami"]
[Black "MateusViageiro"]
[Result "0-1"]
[WhiteElo "1992"]
[BlackElo "2441"]
[TimeControl "180+2"]
[EndTime "13:09:17 PST"]
[Termination "MateusViageiro won by checkmate"]

1. d4 Nf6 2. Bf4 e6 3. e3 c5 4. c3 Nc6 5. Nd2 d5 6. Ngf3 Bd6 7. Bg3 O-O 8. Bd3 Re8 9. Ne5 Qc7 10. f4 a6 11. Bh4 Be7 12. g4 cxd4 13. exd4 Qb6 14.
Rb1 Nxe5 15. fxe5 Nd7 16. Nf3 Bxh4+ 17. Nxh4 Nf8 18. O-O Bd7 19. Nf3 Bb5 20. Ng5 Re7 21.
Qc2 Bxd3 22. Qxd3 h6 23. Nf3 Rc8 24. g5 hxg5 25. Nxg5 Qb5 26. Qf3 Rcc7 27. Kh1 Qc4 28.
Rg1 Qxa2 29. Nh3 Ng6 30. Rbf1 Qxb2 31. Rxg6 fxg6 32. Qf8+ Kh7 33. Ng5+ Kh6 34. Qh8+ Kxg5 35. Rg1+ Kf5 36. Qf8+ Ke4 37. Re1+ Kd3 38. Qf3+ Kc2 39.
Re2+ Kb3 40. Rxb2+ Kxb2 41. Qe2+ Kxc3 42. Qe3+ Kc4 43.
Qe2+ Kb4 44. Qb2+ Ka5 45. Qa3+ Kb6 46. Qb4+ Ka7 47. Qe1 b5 48. Qg3 Rc2 49. Qxg6 Rec7 50. Qxe6 Ra2 51. Qxd5 Rc1# 0-1

[Event "***Titled Tuesday 3|2 Blitz"]
[Site "Chess.com"]
[Date "2017.02.07"]
[Round "1"]
[White "DryCounty"]
[Black "Dlugy"]
[Result "1/2-1/2"]
[WhiteElo "2394"]
[BlackElo "2695"]
[TimeControl "180+2"]
[EndTime "13:09:18 PST"]
[Termination "Game drawn by repetition"]

1. c4 Nf6 2. Nf3 g6 3. Nc3 Bg7 4. e4 d6 5. d4 O-O 6. Be2 e5 7. Be3 exd4 8. Nxd4 Re8 9. f3 c6 10. Bf2 d5 11. exd5 cxd5 12. O-O Nc6 13. c5 Bf8 14. Nb3 a5 15. a4 Be6 16. Nb5 Nh5 17. g3 Bg7 18. N3d4 Re7 19. Re1 Nb4 20.
Bf1 Bd7 21. Qd2 Rc8 22. Nd6 Rxc5 23. Nxb7 Rxe1 24. Rxe1 Qc8 25. Nxc5 Qxc5 26. Nf5 Qc7 27. Nxg7 Nxg7 28. Bd4 Bxa4 29. Rc1 Qd8 30. Qe1 Ne6 31. Qf2 Nxd4 32. Qxd4 h5 33. Qc5 Qg5 34. f4 Qf6 35. Re1 Qxb2 36. Qxa5 Qd4+ 37. Kh1 Bc2 38. Qd8+ Kh7 39.
Bg2 Nd3 40. Rf1 Nf2+ 41. Rxf2 Qxf2 42. Qe7 Kg7 43. Qe5+ Kg8 44. Qe8+ Kg7 45. Qe5+ Kh7 46. Qe7 Kg8 47. Qe8+ Kg7 48. Qe5+ 1/2-1/2

[Event "***Titled Tuesday 3|2 Blitz"]
[Site "Chess.com"]
[Date "2017.02.07"]
[Round "1"]
[White "Rating-Schmating"]
[Black "maciek_92"]
[Result "0-1"]
[WhiteElo "2280"]
[BlackElo "2568"]
[TimeControl "180+2"]
[EndTime "13:09:19 PST"]
[Termination "maciek_92 won by resignation"]

1. e4 c5 2. Nf3 Nc6 3. d4 cxd4 4.
Nxd4 e6 5. c4 Nf6 6. Nc3 Bb4 7.
Nxc6 bxc6 8. Bd3 e5 9. O-O O-O 10. Qc2 Bc5 11. a3 a5 12. Nd1 d6 13. Be3 Be6 14.
Bxc5 dxc5 15. Nc3 Qe7 16. Rfd1 Rfd8 17. f3 Nh5 18. Ne2 Qg5 19. Qc1 Qxc1 20. Raxc1 Rab8 21.
Rc2 Kf8 22. g3 Ke7 23. Kf2 Nf6 24. Ke3 Rd6 25. Nc3 Nd7 26. Rcd2 Rd4 27. Ne2 Rd6 28. f4 f6 29. Nc3 Rb3 30. Be2 Rd4 31. Kf2 Nb6 32.
Rc2 Bxc4 33. Rxd4 cxd4 34. Bxc4 Nxc4 35. Na4 Nd6 36. Rxc6 Nxe4+ 37. Kg2 d3 38. Rc1 Kd6 39. Kf1 d2 40. Rd1 exf4 41. gxf4 Rf3+ 42. Ke2 Rxf4 43. Nc3 Kc5 44. Ke3 Nxc3 45. bxc3 Ra4 46. Kxd2 Rxa3 47.
Rg1 g6 48. Kd3 Ra2 49. Rf1 f5 50. Rh1 a4 51. h4 a3 52. h5 Rg2 53. hxg6 hxg6 54. Ra1 a2 55. Ke3 g5 56. Kf3 Rc2 57. Ke3 Rxc3+ 58. Kd2 Ra3 59. Kc2 g4 60. Kb2 Ra5 61.
Rxa2 Rxa2+ 62. Kxa2 g3 0-1

[Event "***Titled Tuesday 3|2 Blitz"]
[Site "Chess.com"]
[Date "2017.02.07"]
[Round "1"]
[White "dretch"]
[Black "pedromartinez91"]
[Result "0-1"]
[WhiteElo "2536"]
[BlackElo "2290"]
[TimeControl "180+2"]
[EndTime "13:09:26 PST"]
[Termination "pedromartinez91 won by checkmate"]

1. d4 d5 2. c4 Nc6 3. cxd5 Qxd5 4. e3 e5 5. Nc3 Bb4 6. Bd2 Bxc3 7. Bxc3 exd4 8. Ne2 Nf6 9. Nxd4 O-O 10. Qb3 Nxd4 11. Bxd4 Qd6 12. Rc1 b6 13. Bxf6 Qxf6 14. Rxc7 Be6 15. Qc3 Qg5 16. h4 Qd5 17. Ba6 Qxg2 18. Bb7 Bd5 19. Bxd5 Qxd5 20. Rg1 g6 21. Qc4 Qa5+ 22. b4 Qe5 23. Rg5 Qa1+ 24. Ke2 Rad8 25.
Rd5 Qf6 26. h5 Rxd5 27. Qxd5 Rd8 28. Qc4 a5 29. bxa5 bxa5 30. h6 Rf8 31. f4 Qh4 32. Ra7 Qh2+ 33. Kd3 Rd8+ 34. Ke4 Qg2+ 35. Ke5 Qb2+ 36.
Ke4 Qg2+ 37. Ke5 Re8+ 38. Kf6 Qb2+ 39. Qd4 Re6+ 40. Kg5 Qg2+ 41. Kh4 g5+ 42. Kh5 Qh3+ 43. Kxg5 Rg6# 0-1

[Event "***Titled Tuesday 3|2 Blitz"]
[Site "Chess.com"]
[Date "2017.02.07"]
[Round "1"]
[White "Genghis_K"]
[Black "ArnaudovP"]
[Result "1/2-1/2"]
[WhiteElo "2692"]
[BlackElo "2394"]
[TimeControl "180+2"]
[EndTime "13:09:28 PST"]
[Termination "Game drawn by repetition"]

1. e4 e5 2. Nf3 Nc6 3. Bc4 Bc5 4. c3 Nf6 5. d3 O-O 6. O-O d5 7. exd5 Nxd5 8. a4 a5 9. Nbd2 Bg4 10. Re1 Nb6 11. Bb5 Ne7 12. Rxe5 Bd6 13. Rg5 Bxf3 14. Qxf3 Ng6 15. Ne4 c6 16. Nxd6 Qxd6 17. Bc4 Ne5 18. Qg3 Nbxc4 19. Bf4 Qxd3 20. Rxe5 Nxe5 21. Bxe5 Qxg3 22.
hxg3 Rfe8 23. Bd4 Rad8 24. Be3 Rd5 25. Rb1 f6 26. b4 axb4 27. cxb4 Red8 28. Rb2 Rd1+ 29.
Kh2 R8d5 30. g4 h5 31. gxh5 Rxh5+ 32. Kg3 Rhh1 33. Bc5 Rc1 34. a5 Rhd1 35. Re2 Rd7 36. Re8+ Kf7 37. Rf8+ Kg6 38. Re8 Rd2 39. Re7 Rc3+ 40.
Kh2 Rxc5 41. bxc5 Ra2 42. Rxb7 Rxa5 43. Rc7 Rxc5 44. Kg3 Rc3+ 45. Kf4 c5 46. g4 Rc2 47. f3 Rc1 48. Kg3 c4 49. Kf4 c3 50. Kg3 Kh7 51.
Rc8 g5 52. Rc7+ Kg8 53. Kf2 Kf8 54. Ke3 Ke8 55. Kd3 Rf1 56. Ke2 Rc1 57. Kd3 Rd1+ 58. Ke3 Re1+ 59. Kd3 Rf1 60. Ke2 Rc1 61. Kd3 1/2-1/2

[Event "***Titled Tuesday 3|2 Blitz"]
[Site "Chess.com"]
[Date "2017.02.07"]
[Round "1"]
[White "3f32"]
[Black "Durarbayli"]
[Result "1-0"]
[WhiteElo "2345"]
[BlackElo "2607"]
[TimeControl "180+2"]
[EndTime "13:09:34 PST"]
[Termination "3f32 won by resignation"]

1. d4 Nf6 2. c4 e6 3. Nc3 Bb4 4.
f3 O-O 5. a3 Bxc3+ 6. bxc3 d5 7.
cxd5 exd5 8. e3 Re8 9. Bd3 b6 10. Ne2 Ba6 11. g4 Bxd3 12. Qxd3 c5 13. g5 Nfd7 14. f4 Nc6 15. h4 Na5 16. Ng3 Nf8 17. h5 Qc8 18. Kf2 Qg4 19. Ra2 Nb3 20. Qf5 Qxf5 21.
Nxf5 Re6 22. Rb2 Nxc1 23. Rxc1 Rc8 24. Rbc2 g6 25. hxg6 fxg6 26. Nh6+ Kg7 27. Ng4 Nd7 28. Kf3 Rf8 29. c4 dxc4 30. Rxc4 Rd6 31. dxc5 Nxc5 32. Ne5 Rd5 33. Kg4 h5+ 34. gxh6+ Kxh6 35. Rg1 Rf6 36.
Rc2 Kg7 37. Rcg2 Ne4 38. Kh4 g5+ 39. Kg4 Rf8 40. Rc1 Rc5 41. Rxc5 bxc5 42. Kf3 Nf6 43.
Rxg5+ Kh7 44. Nc4 Rc8 45. Nd6 Rc6 46. Nc4 Rc7 47. e4 Ne8 48. Re5 Nf6 49. Rg5 Ne8 50. Ke3 Ng7 51. f5 Rc6 52. e5 Kh6 53.
Kf4 Ra6 54. Rg1 Rxa3 55. Nxa3 1-0

[Event "***Titled Tuesday 3|2 Blitz"]
[Site "Chess.com"]
[Date "2017.02.07"]
[Round "1"]
[White "abubakrtagelsir"]
[Black "TheCount"]
[Result "0-1"]
[WhiteElo "2132"]
[BlackElo "2497"]
[TimeControl "180+2"]
[EndTime "13:09:39 PST"]
[Termination "TheCount won by resignation"]

1. e4 e5 2. Nf3 Nc6 3. d4 exd4 4. Bc4 Nf6 5. e5 d5 6. Bb5 Ne4 7. Nxd4 Bd7 8. Bxc6 bxc6 9. O-O Bc5 10. f3 Ng5 11. f4 Ne4 12. Be3 Qb8 13. Nc3 Qxb2 14. Nxe4 dxe4 15. Qd2 Rd8 16. Rab1 Qxa2 17. Qc3 Bb6 18. Rb3 Qa6 19. Ra1 Qc8 20. f5 c5 21. Ne2 Bxf5 22. e6 f6 23. Bxc5 Bxe6 24. Rba3 Qd7 25. Nf4 Bf7 26. Bxb6 axb6 27. Kh1 O-O 28. h3 Rfe8 29. Qg3 Qf5 30. Rc3 c5 31. Re1 Rd2 32. Qe3 Rd4 33. Ne2 Qe5 34.
Ra3 Rb4 35. Nf4 Qd4 36. Qg3 Ra4 37. Rae3 Ra1 38. c3 Rxe1+ 39. Rxe1 Qe5 40. Qe3 b5 41.
Ne2 b4 42. cxb4 cxb4 43. Nd4 f5 44. Rf1 g6 45. Nc6 Qc3 46. Qb6 b3 47. Rb1 e3 48.
Qb5 e2 49. Ne5 Qxe5 50. Qxe5 Rxe5 51. Re1 b2 0-1

[Event "***Titled Tuesday 3|2 Blitz"]
[Site "Chess.com"]
[Date "2017.02.07"]
[Round "1"]
[White "AkshatChandra"]
[Black "MasterLeif"]
[Result "1-0"]
[WhiteElo "2633"]
[BlackElo "2343"]
[TimeControl "180+2"]
[EndTime "13:09:44 PST"]
[Termination "AkshatChandra won by checkmate"]

1. e4 e5 2. Nf3 d6 3. d4 exd4 4. Nxd4 Nf6 5. Nc3 Be7 6. Be2 O-O 7. Bf4 Nc6 8. Qd2 Nxd4 9. Qxd4 Be6 10. O-O-O Nd7 11.
Qd2 Re8 12. g4 a6 13. g5 b5 14. h4 Ne5 15. Nd5 Bxd5 16. Qxd5 c6 17. Qb3 Qc8 18. h5 Qe6 19. Qxe6 fxe6 20. Bxe5 dxe5 21. g6 Rad8 22. Bg4 Bg5+ 23. Kb1 h6 24. c3 Kf8 25. Kc2 Ke7 26. Be2 Rxd1 27. Rxd1 Rf8 28. f3 Rd8 29. Bd3 Rf8 30. Rf1 Rf4 31. a4 Rh4 32.
axb5 axb5 33. Ra1 Bf6 34. Ra7+ Kd6 35. Ra6 Kc7 36. c4 bxc4 37. Bxc4 Rxh5 38. Bxe6 Rh2+ 39. Kc3 Kb7 40. Ra1 h5 41. Rd1 h4 42. Rd7+ Kb6 43.
b4 Rf2 44. Kc4 Rc2+ 45. Kb3 Rf2 46. Rf7 Rxf3+ 47. Kc4 h3 48. Bc8 c5 49. bxc5+ Kc6 50. Bb7# 1-0

[Event "***Titled Tuesday 3|2 Blitz"]
[Site "Chess.com"]
[Date "2017.02.07"]
[Round "1"]
[White "Divertissement"]
[Black "AungTZ"]
[Result "0-1"]
[WhiteElo "2437"]
[BlackElo "2062"]
[TimeControl "180+2"]
[EndTime "13:09:49 PST"]
[Termination "AungTZ won by resignation"]

1. d4 Nf6 2. Nf3 d5 3. c4 e6 4.
g3 Be7 5. Bg2 O-O 6. O-O dxc4 7.
Qc2 a6 8. a4 Bd7 9. Qxc4 b5 10.
Qc2 Bc6 11. Bg5 Be4 12. Qc1 b4 13. Nbd2 Bb7 14. Nb3 Nbd7 15. Na5 Be4 16. Nc6 Bxc6 17. Qxc6 a5 18. Rac1 Ra7 19. Rfd1 Nd5 20. Bxe7 Nxe7 21. Qc2 Qb8 22. b3 Rd8 23. e3 h6 24. Nd2 Rc8 25. Bc6 Nb6 26. Ne4 Nxc6 27. Qxc6 Nd5 28. Rc5 Rd8 29. Rb5 Qc8 30. Rc1 f5 31. Rxd5 exd5 32. Nd6 Qe6 33. Nb5 Qxc6 34. Rxc6 Rb7 35. h4 Kh7 36. h5 Rd7 37. Ra6 Rb6 38. Rxa5 Rc6 39. Ra8 Rc2 40. a5 Ra2 41. a6 c6 42.
Nc7 Rxc7 43. Rb8 Rxa6 44. Rxb4 c5 45. Rb5 c4 46. bxc4 dxc4 47. Rb2 c3 48. Rc2 Rb6 49.
Kf1 Rb2 50. Rc1 c2 51. Ke2 Rb1 52. Kd2 Rxc1 53. Kxc1 Kg8 54. f3 Kf7 55. e4 fxe4 56.
fxe4 Ke6 57. g4 Rc4 0-1

[Event "***Titled Tuesday 3|2 Blitz"]
[Site "Chess.com"]
[Date "2017.02.07"]
[Round "1"]
[White "Vegan4future"]
[Black "Tartody"]
[Result "1-0"]
[WhiteElo "2415"]
[BlackElo "1765"]
[TimeControl "180+2"]
[EndTime "13:09:51 PST"]
[Termination "Vegan4future won on time"]

1. d4 e6 2. c4 d6 3. Nf3 Nf6 4. g3 Be7 5. Bg2 O-O 6. O-O Nbd7 7. Nc3 e5 8. e4 exd4 9. Nxd4 Re8 10. b3 Nc5 11. Bb2 Nfd7 12. Nd5 Bf8 13. Re1 a5 14. a3 c6 15. Nc3 Ne6 16. Nf5 Nf6 17. b4 g6 18. Ne3 Bg7 19. Ne2 Ng5 20. e5 dxe5 21. Qxd8 Rxd8 22. Bxe5 Ng4 23. Bxg7 Kxg7 24. Nxg4 Bxg4 25.
f4 Nf3+ 26. Bxf3 Bxf3 27. Kf2 Be4 28. b5 cxb5 29. cxb5 Bd3 30. Nc3 Rac8 31. Rac1 h6 32. a4 g5 33. fxg5 hxg5 34. Red1 Bf5 35. Rxd8 Rxd8 36.
Ke2 Rh8 37. Rh1 Bg4+ 38. Kf2 Rc8 39. Rc1 Kg6 40. h4 gxh4 41. gxh4 f5 42. Ke3 Rc4 43. Kd3 Rb4 44. Re1 f4 45. Re7 Bf5+ 46. Ke2 Bg4+ 47. Kd3 Bf5+ 48. Ke2 Rd4 49. Rxb7 Bg4+ 50. Ke1 Rd3 51.
Rb6+ Kf5 52. Rc6 f3 53. Nd1 Kf4 54. Nf2 1-0